 Dungeon Crawl Stone Soup version 0.24.0-7-gb3623d2c88 (webtiles) character file.

Game seed: 15053640764329757060, levelgen mode: deterministic

72041 kkkmkkk the Thaumaturge (level 15, -3/115 HPs)
             Began as a Demonspawn Necromancer on Nov 2, 2019.
             Was the Champion of Vehumet.
             Killed by divine providence
             ... invoked by a meliai
              (13 damage)
             ... on level 6 of the Lair of Beasts.
             The game lasted 01:10:17 (35133 turns).

kkkmkkk the Thaumaturge (Demonspawn Necromancer)   Turns: 35133, Time: 01:10:17

Health: -3/115     AC: 20    Str: 15    XL:     15   Next: 0%
Magic:  1/30       EV: 28    Int: 23    God:    Vehumet [******]
Gold:   812        SH:  0    Dex: 21    Spells: 8/37 levels left

rFire    + . .     SeeInvis .   w - +2 Maxwell's thermic engine {flame, freeze}
rCold    . . .     Gourm    .   (no shield)
rNeg     + . .     Faith    .   X - +1 robe {Archmagi}
rPois    +         Spirit   .   (helmet restricted)
rElec    .         Reflect  .   J - +2 ratskin cloak {+Rats rPois rN+ Str-1 Int-1 Dex+1}
rCorr    .         Harm     .   g - +2 pair of gloves
MR       +....                  B - +0 pair of boots
Stlth    +++.......             N - amulet of rage
HPRegen  1.29/turn              T - +4 ring of protection
MPRegen  0.22/turn              s - ring of Yzevoept {*Drain +Fly rF+ Str+3 Int+2}

@: mighty, agile, sanguine armour, regenerating
A: antennae 1, foul stench 1, powered by pain 2, rot immunity, sanguine armour 1
a: Renounce Religion, Evoke Ratskin, Evoke Berserk Rage, Evoke Flight


You were on level 6 of the Lair of Beasts.
You worshipped Vehumet.
Vehumet was exalted by your worship.
You were hungry.

You visited 4 branches of the dungeon, and saw 24 of its levels.

You collected 2526 gold pieces.
You spent 1714 gold pieces at shops.

Inventory:

Hand Weapons
 w - the +2 Maxwell's thermic engine (weapon) {flame, freeze}
   (You found it on level 1 of the Lair of Beasts)

   It has been specially enchanted to burn those struck by it, causing extra
   injury to most foes and up to half again as much damage against particularly
   susceptible opponents.
   Big, fiery blades are also staple armaments of hydra-hunters.
   It has been specially enchanted to freeze those struck by it, causing extra
   injury to most foes and up to half again as much damage against particularly
   susceptible opponents.
 U - the +4 arbalest of Laixaugei {elec, rC+ rN+ MP+9}
   (You found it on level 3 of the Lair of Beasts)

   It charges the ammunition it shoots with electricity; occasionally upon a
   hit, such missiles may discharge and cause terrible harm.
   It protects you from cold.
   It protects you from negative energy.
   It affects your magic capacity (+9).
Missiles
 C - 2 throwing nets (quivered)
Armour
 g - a +2 pair of gloves (worn)
 h - a +0 buckler
 B - a +0 pair of boots (worn)
 J - the +2 ratskin cloak (worn) {+Rats rPois rN+ Str-1 Int-1 Dex+1}
   (You found it on level 7 of the Dungeon)

   It affects your strength (-1).
   It affects your intelligence (-1).
   It affects your dexterity (+1).
   It protects you from poison.
   It protects you from negative energy.
 X - a +1 robe of the Archmagi (worn)
Magical Staves
 W - an uncursed staff of wizardry
Jewellery
 r - an uncursed amulet of the acrobat
 s - the ring of Yzevoept (right hand) {*Drain +Fly rF+ Str+3 Int+2}
   (You found it on level 11 of the Dungeon)

   [ring of flight]

   It affects your strength (+3).
   It affects your intelligence (+2).
   It protects you from fire.
   It lets you fly.
   It causes draining when unequipped.
 N - an amulet of rage (around neck)
 T - a +4 ring of protection (left hand)
 Y - the ring "Daaduod" {Fire rN+ Slay+2 Stlth+}
   (You bought it in a shop on level 2 of the Orcish Mines)

   [ring of fire]

   It enhances your fire magic.
   It affects your accuracy and damage with ranged weapons and melee attacks
   (+2).
   It protects you from fire.
   It makes you vulnerable to cold.
   It protects you from negative energy.
   It makes you more stealthy.
Wands
 n - a wand of clouds (2)
 y - a wand of acid (6)
 F - a wand of digging (11)
 M - a wand of scattershot (12)
 Q - a wand of flame (34)
 R - a wand of disintegration (16)
 V - a wand of iceblast (7)
Scrolls
 b - a scroll of silence {unknown}
 d - 3 scrolls of fear
 e - 9 scrolls of magic mapping
 k - a scroll of brand weapon {unknown}
 m - 3 scrolls of blinking
 o - 2 scrolls of amnesia
 p - 8 scrolls of teleportation
 A - 2 scrolls of enchant weapon
 D - 2 scrolls of holy word
 I - 8 scrolls of remove curse
 K - a scroll of enchant armour
 O - 5 scrolls of fog
 P - a scroll of random uselessness {unknown}
 S - a scroll of acquirement {unknown}
Potions
 f - a potion of invisibility {unknown}
 i - a potion of might {unknown}
 j - a potion of flight
 l - 3 potions of cancellation
 q - 7 potions of brilliance
 t - 2 potions of ambrosia
 v - 4 potions of heal wounds
 x - 9 potions of curing
 z - 3 potions of haste {unknown}
 E - 4 potions of agility
 H - a potion of berserk rage {unknown}
 Z - a potion of resistance {unknown}
Miscellaneous
 a - a phial of floods
 L - a box of beasts
Comestibles
 c - 18 rations
 u - 6 chunks of flesh


   Skills:
 + Level 10.0 Fighting
 + Level 3.1 Long Blades
 + Level 11.8 Dodging
 - Level 1.7 Stealth
 + Level 4.6 Shields
 + Level 11.9 Spellcasting
 + Level 9.2 Conjurations
 - Level 11.0 Necromancy
 + Level 10.2 Evocations


You had 8 spell levels left.
You knew the following spells:

 Your Spells              Type           Power        Failure   Level  Hunger
a - Bolt of Draining      Conj/Necr      ######....   1%          5    ####...
b - Vampiric Draining     Necr           #######...   1%          3    None
c - Regeneration          Chrm/Necr      ######....   1%          3    None
d - Animate Dead          Necr           N/A          1%          4    None
e - Stone Arrow           Conj/Erth      ######       1%          3    None
f - Mephitic Cloud        Conj/Pois/Air  #####...     1%          3    None
g - Blink                 Tloc           N/A          7%          2    None
h - Pain                  Necr           ####         1%          1    None
i - Dispel Undead         Necr           #######.     1%          5    ####...

Your spell library contained the following spells:

 Spells                   Type           Power        Failure   Level  Hunger
 Venom Bolt               Conj/Pois      ######....   5%          5    ####...
 Animate Skeleton         Necr           N/A          1%          1    None
 Magic Dart               Conj           ####         1%          1    None
 Corpse Rot               Necr           N/A          1%          2    None
 Sublimation of Blood     Necr           #######...   1%          2    None
 Conjure Flame            Conj/Fire      ######..     1%          3    None
 Agony                    Necr           #######.     1%          5    ####...
 Call Imp                 Summ           ###.....     7%          2    None
 Slow                     Hex            ###.....     7%          2    None
 Excruciating Wounds      Chrm/Necr      ######....   13%         5    ####...


Dungeon Overview and Level Annotations

Branches:
Dungeon (15/15)            Temple (1/1) D:4            Lair (6/6) D:11
 Shoals (0/4) Lair:3        Snake (0/4) Lair:4        Slime (0/5) Lair:5
    Orc (2/2) D:10            Elf (0/3) Orc:2        Vaults (0/5) D:13
 Depths: D:15

Altars:
Ashenzari
Cheibriados
Dithmenos
Elyvilon
Fedhas
Gozag
Hepliaklqana
Kikubaaqudgha
Makhleb
Nemelex Xobeh
Okawaru
Qazlal
Ru
Sif Muna
Trog
Uskayaw
Vehumet
Wu Jian
Xom
Yredelemnul
Zin
The Shining One
Beogh

Shops:
D:5 }   D:8 [   Orc:2 *([=

Annotations:
D:4 3 runed translucent doors, mishael's ghost, amateur DrIE
D:13 2 transporters, Maxmaps's ghost, adept FoSk
Lair:3 2 transporters, exclusion: 2 oklob plants, Nefuv's ghost, journeyman MiBe


Innate Abilities, Weirdness & Mutations

You have a pair of small antennae on your head.
You may emit foul miasma when damaged in melee.
You sometimes gain power by taking damage.
You are immune to rotting.
When seriously injured, your bleeding wounds create armour. (AC +6)


Message History

The meliai hits your elephant zombie with a +0 hand axe.
Your elephant zombie is destroyed!
Your killer bee zombie misses the killer bee.
Found a scroll of enchant armour.
Casting: Animate Dead (safe; 1% risk of failure)
Confirm with . or Enter, or press ? or * to list all spells.
You feel a surge of power!
Your skin crawls.
The killer bee misses your killer bee zombie.
The killer bee stings your killer bee zombie!
Your killer bee zombie barely misses the killer bee.
Your elephant zombie tramples the meliai.
Your elephant zombie closely misses the meliai.
The killer bee stings your killer bee zombie!
Your killer bee zombie is destroyed!
The meliai calls upon its god to heal the killer bee.
The killer bee's wounds heal themselves!
The killer bee rages.
The meliai invokes the aid of its god against you.
Something smites you!
You die...

..###..#### ####P..
.P. ##...P# #....P.
... #....## P....#
###### ....# % #..P#
## yy #.?.# #.##%yy
#...### ##y.....
#P.@#.#####y.y# {
##......y.yy.y######
#.#.....)#y#y.....Z.
#..##.###.Z####...P.
..............####Z..#
####............Z..###
#P..######.##...# ####
###.{### #P##


You could see 2 meliai, a killer bee (berserk) and a friendly elephant zombie.

Vanquished Creatures
  Kirke (D:12)
  An orc warlord (Orc:2)
  Nessos (Lair:5)
  Josephine (D:12)
  4 vault guards (D:13)
  Harold (D:7)
  6 hydras
  3 centaur warriors (D:13)
  2 two-headed ogres
  An orc high priest (Orc:2)
  Sonja (Lair:5)
  A skeletal warrior (D:11)
  5 orc knights
  A deep elf mage (D:12)
  3 orc sorcerers
  3 manticores
  2 ugly things
  6 cyclopes
  2 centaur zombies
  A black mamba (Lair:5)
  16 elephants
  A gargoyle (D:13)
  6 spiny frogs
  3 rime drakes (Lair:6)
  3 kobold demonologists
  11 komodo dragons
  15 trolls
  A meliai (Lair:6)
  A polar bear (Lair:6)
  A merfolk (D:11)
  5 slime creatures
  8 dream sheep
  2 hornets
  8 hippogriffs
  11 blink frogs
  A harpy skeleton (D:14)
  A meliai zombie (D:13)
  A raiju (shapeshifter) (D:14)
  6 wraiths
  3 water elementals (D:14)
  4 wyverns
  14 yaks
  A steam dragon (D:11)
  A hungry ghost (D:8)
  A warg (Orc:2)
  2 nagas (Lair:4)
  8 water moccasins
  7 porcupines
  4 ice beasts
  3 phantoms
  33 orc warriors
  3 sky beasts
  An eye of draining (D:13)
  10 ogres
  11 wolves
  A boggart (D:11)
  7 centaurs
  4 big kobolds
  8 crocodiles
  17 bullfrogs
  4 scorpions
  A water moccasin skeleton (D:9)
  25 killer bees
  A wight (D:11)
  5 electric eels
  2 vampire bats (Lair:5)
  8 howler monkeys
  3 crimson imps
  5 centaur skeletons
  14 hounds
  8 jellies
  2 bullfrog skeletons
  14 orc priests
  3 gnoll shamans
  7 iguanas
  21 orc wizards
  6 worker ants
  A bullfrog simulacrum (D:13)
  A hound zombie (D:7)
  A hound skeleton (D:5)
  Robin (D:2)
  A worker ant zombie (D:8)
  12 gnolls
  3 river rats (D:7)
  13 adders
  2 shadow imps
  2 oozes (D:1)
  An adder zombie (D:7)
  2 worms
  2 dart slugs
  5 leopard geckos
  101 orcs
  12 bats
  3 giant cockroaches
  9 goblins
  15 hobgoblins
  19 jackals
  11 kobolds
  7 quokkas
  2 ball pythons
  5 frilled lizards
  A jackal skeleton (D:5)
  18 rats
  A butterfly (D:4)
670 creatures vanquished.

Vanquished Creatures (collateral kills)
  2 hydras
  An elephant (Lair:2)
  3 spiny frogs
  5 komodo dragons
  2 hippogriffs
  2 blink frogs (Lair:4)
  3 dream sheep (Lair:6)
  2 yaks (Lair:3)
  A basilisk (Lair:3)
  A hungry ghost (D:9)
  A porcupine (Lair:4)
  A water moccasin (Lair:3)
  An ice beast (D:11)
  An orc warrior (D:9)
  A crocodile (Lair:2)
  Blork the orc (Orc:2)
  A bullfrog (Lair:3)
  3 killer bees (Lair:6)
  An orc priest (Orc:2)
  2 orc wizards
  2 gnolls
  A river rat (D:7)
  7 orcs
  A quokka skeleton (D:9)
  4 rats (D:7)
  2 fungi
  A plant (Lair:3)
53 creatures vanquished.

Vanquished Creatures (others)
  A deep elf mage (D:12)
  4 hogs (D:12)
  A gnoll shaman (D:11)
  3 hell rats (D:7)
  5 fungi
  5 plants
19 creatures vanquished.

Grand Total: 742 creatures vanquished

Notes
Turn   | Place    | Note
-------+----------+-------------------------------------------
     0 | D:1      | kkkmkkk the Demonspawn Necromancer began the quest for the
                  | Orb.
     0 | D:1      | Reached XP level 1. HP: 13/13 MP: 3/3
   633 | D:1      | Gained mutation: You sometimes gain a little power by
                  | taking damage. [demonic ancestry]
   633 | D:1      | Reached XP level 2. HP: 16/19 MP: 0/5
  1484 | D:2      | Gained mutation: You have a pair of small antennae on your
                  | head. [demonic ancestry]
  1484 | D:2      | Reached XP level 3. HP: 24/24 MP: 4/6
  1628 | D:2      | Noticed Robin
  2076 | D:3      | Reached skill level 5 in Necromancy
  2202 | D:3      | Reached XP level 4. HP: 22/30 MP: 0/8
  3369 | D:3      | Learned a level 3 spell: Vampiric Draining
  3405 | D:4      | Found a runed translucent gate.
  3405 | D:4      | Found a runed translucent gate.
  3405 | D:4      | Found a runed translucent gate.
  3687 | D:4      | Noticed a phantom
  3705 | D:4      | Noticed a phantom
  3771 | D:2      | Reached XP level 5. HP: 34/35 MP: 6/9
  3948 | D:2      | Killed Robin
  4569 | D:4      | Found a staircase to the Ecumenical Temple.
  4582 | D:4      | Noticed mishael's ghost (amateur DrIE)
  4612 | Temple   | Entered the Ecumenical Temple
  4692 | Temple   | Became a worshipper of Vehumet
  4767 | D:4      | Identified the cursed +1 ring mail "Zeont" {rF- Int+6
                  | Dex+3}
  4769 | D:4      | Found a roughly hewn altar of Beogh.
  5014 | D:5      | Entered Level 5 of the Dungeon
  5103 | D:5      | Found a hide-covered altar of Uskayaw.
  5103 | D:5      | Noticed an ogre
  5165 | D:6      | Gained mutation: When seriously injured, your bleeding
                  | wounds create armour. (AC +6) [demonic ancestry]
  5165 | D:6      | Reached XP level 6. HP: 10/41 MP: 11/11
  5488 | D:6      | Learned a level 3 spell: Regeneration
  6033 | D:8      | Reached XP level 7. HP: 38/46 MP: 13/13
  6270 | D:8      | Found Ejoepook's Armour Emporium.
  6286 | D:8      | Noticed a hungry ghost
  6323 | D:8      | Killed a hungry ghost
  6664 | D:9      | Reached skill level 5 in Spellcasting
  6719 | D:9      | Reached skill level 5 in Dodging
  6744 | D:9      | Noticed a hungry ghost
  6773 | D:9      | Noticed a hornet
  6781 | D:9      | Killed a hornet
  6781 | D:9      | Gained mutation: You are immune to rotting. [demonic
                  | ancestry]
  6781 | D:9      | Reached XP level 8. HP: 27/52 MP: 5/16
  6997 | D:10     | Entered Level 10 of the Dungeon
  7007 | D:10     | Got a faintly glowing robe
  7018 | D:10     | Identified the +1 robe "Saloawk" {Int+4} (You found it on
                  | level 10 of the Dungeon)
  8058 | D:7      | Reached * piety under Vehumet
  8058 | D:7      | Offered knowledge of Sandblast by Vehumet.
  8124 | D:7      | Gained mutation: You may emit foul miasma when damaged in
                  | melee. [demonic ancestry]
  8124 | D:7      | Reached XP level 9. HP: 31/57 MP: 9/18
  8343 | D:7      | Noticed Harold
  8901 | D:5      | Found Liva's Gadget Shop.
  9137 | D:7      | Learned a level 4 spell: Animate Dead
  9307 | D:7      | Killed Harold
  9329 | D:7      | Reached ** piety under Vehumet
  9594 | D:7      | Offered knowledge of Shock by Vehumet.
  9620 | D:7      | Found the +2 ratskin cloak {+Rats rPois rN+ Str-1 Int-1
                  | Dex+1}
 10517 | D:5      | Reached skill level 10 in Necromancy
 11270 | D:4      | Reached skill level 1 in Evocations
 11288 | D:4      | Reached XP level 10. HP: 40/63 MP: 18/21
 12926 | D:9      | Noticed a two-headed ogre
 12936 | D:9      | Killed a two-headed ogre
 12936 | D:9      | Reached skill level 1 in Fighting
 12939 | D:9      | Offered knowledge of Stone Arrow by Vehumet.
 13250 | D:9      | Reached *** piety under Vehumet
 13517 | D:9      | Learned a level 3 spell: Stone Arrow
 13656 | D:10     | Found a staircase to the Orcish Mines.
 13663 | D:10     | Offered knowledge of Throw Icicle by Vehumet.
 13905 | D:10     | Noticed a manticore
 13916 | D:10     | Killed a manticore
 14576 | Orc:1    | Entered Level 1 of the Orcish Mines
 14589 | D:10     | Reached **** piety under Vehumet
 14781 | D:10     | Offered knowledge of Mephitic Cloud by Vehumet.
 15277 | Orc:2    | Entered Level 2 of the Orcish Mines
 15368 | Orc:2    | Noticed an orc sorcerer
 15386 | Orc:1    | Killed an orc sorcerer
 15605 | Orc:2    | Noticed an orc knight
 15683 | Orc:1    | Learned a level 3 spell: Mephitic Cloud
 15692 | Orc:1    | Killed an orc knight
 15692 | Orc:1    | Reached XP level 11. HP: 32/76 MP: 6/23
 16333 | Orc:1    | Reached ***** piety under Vehumet
 16879 | Orc:2    | Found a staircase to the Elven Halls.
 16891 | Orc:2    | Reached skill level 1 in Conjurations
 17044 | Orc:2    | Offered knowledge of Ozocubu's Refrigeration by Vehumet.
 17136 | Orc:2    | Noticed an orc knight
 17168 | Orc:2    | Killed an orc knight
 17356 | Orc:2    | Noticed an orc sorcerer
 17376 | Orc:2    | Killed an orc sorcerer
 17561 | Orc:2    | Noticed an orc knight
 17693 | D:11     | Found a staircase to the Lair.
 17715 | D:11     | Reached skill level 5 in Evocations
 17858 | D:11     | Noticed a white ugly thing
 17859 | D:11     | Noticed an eight-headed hydra
 17891 | D:11     | Noticed Josephine
 18134 | D:11     | Reached skill level 5 in Fighting
 18777 | D:11     | Noticed a sixfirhy
 19762 | D:12     | Learned a level 2 spell: Blink
 19764 | D:12     | Noticed Kirke
 19765 | D:12     | Noticed a deep elf mage
 19768 | D:12     | Noticed a lindwurm
 19787 | D:12     | Killed a deep elf mage
 19963 | D:12     | Noticed a two-headed ogre
 19979 | D:12     | Killed a two-headed ogre
 19979 | D:12     | Reached XP level 12. HP: 87/87 MP: 10/25
 20187 | D:12     | Killed Kirke
 20771 | D:12     | Got a twisted chain mail
 21106 | D:13     | Noticed a four-headed hydra
 21239 | D:12     | Killed Josephine
 21239 | D:12     | Reached skill level 10 in Spellcasting
 21709 | D:12     | Reached skill level 5 in Conjurations
 22167 | D:11     | Killed an eight-headed hydra
 22167 | D:11     | Reached skill level 10 in Dodging
 22763 | D:11     | Got a transparent bone ring
 22766 | D:11     | Got a pitted flail
 22808 | D:11     | Identified the +4 flail "Vagomak" {flame, rPois Dex+3} (You
                  | found it on level 11 of the Dungeon)
 22826 | D:11     | Learned a level 5 spell: Bolt of Draining
 22832 | D:11     | Learned a level 5 spell: Dispel Undead
 23865 | Orc:2    | Noticed an orc high priest
 23865 | Orc:2    | Noticed an orc warlord
 23870 | Orc:2    | Killed an orc high priest
 23870 | Orc:2    | Reached skill level 1 in Shields
 24010 | Orc:2    | Killed an orc warlord
 24170 | Orc:2    | Noticed Blork the orc
 24176 | Orc:2    | Killed Blork the orc
 24331 | Orc:2    | Found a roughly hewn altar of Beogh.
 24410 | Orc:2    | Reached XP level 13. HP: 96/96 MP: 14/27
 24462 | Orc:2    | Found Bamiph's General Store.
 24466 | Orc:2    | Found Exuero's Antique Armour Shoppe.
 24670 | Orc:2    | Offered knowledge of Orb of Destruction by Vehumet.
 24704 | Orc:2    | Found Teunkoto's Jewellery Shoppe.
 24719 | Orc:2    | Found Uwe Mun's Antique Weapon Shoppe.
 24742 | Orc:2    | Bought a scroll of amnesia for 49 gold pieces
 24742 | Orc:2    | Bought a box of beasts for 280 gold pieces
 24742 | Orc:2    | Bought 3 scrolls of teleportation for 126 gold pieces
 24742 | Orc:2    | Bought a potion of brilliance for 56 gold pieces
 24742 | Orc:2    | Bought a potion of lignification for 42 gold pieces
 24775 | Orc:2    | Bought the ring "Daaduod" {Fire rN+ Slay+2 Stlth+} for 711
                  | gold pieces
 24775 | Orc:2    | Bought an uncursed amulet of the acrobat for 450 gold
                  | pieces
 24780 | Orc:2    | Identified the ring of Yzevoept {*Drain +Fly rF+ Str+3
                  | Int+2} (You found it on level 11 of the Dungeon)
 25071 | Orc:1    | Found a roughly hewn altar of Beogh.
 25377 | D:13     | Found a transporter.
 26159 | D:13     | Noticed Maxmaps's ghost (adept FoSk)
 26179 | D:13     | Found a transporter.
 26580 | D:13     | Found a gate to the Vaults.
 28762 | D:14     | Found a shimmering altar of Xom.
 28763 | D:14     | Found a shimmering altar of Xom.
 28763 | D:14     | Found a shimmering altar of Xom.
 28764 | D:14     | Found a shimmering altar of Xom.
 28764 | D:14     | Found a shimmering altar of Xom.
 28764 | D:14     | Found a shimmering altar of Xom.
 28764 | D:14     | Found a shimmering altar of Xom.
 28770 | D:14     | Found a shimmering altar of Xom.
 29275 | D:15     | Entered Level 15 of the Dungeon
 29501 | Lair:1   | Entered Level 1 of the Lair of Beasts
 29997 | Lair:1   | Found the +2 Maxwell's thermic engine {flame, freeze}
 30399 | Lair:1   | Found a snail-covered altar of Cheibriados.
 30607 | Lair:2   | Gained mutation: You sometimes gain power by taking damage.
                  | [demonic ancestry]
 30607 | Lair:2   | Reached XP level 14. HP: 108/108 MP: 20/29
 30622 | Lair:2   | Offered knowledge of Iron Shot by Vehumet.
 31597 | Lair:3   | Found a staircase to the Shoals.
 31653 | Lair:3   | Got a smoking arbalest
 31945 | Lair:3   | Found a shimmering blue altar of Sif Muna.
 31997 | Lair:3   | Identified the +4 arbalest of Laixaugei {elec, rC+ rN+
                  | MP+9} (You found it on level 3 of the Lair of Beasts)
 32126 | Lair:3   | Found a transporter.
 32383 | Lair:3   | Noticed Nefuv's ghost (journeyman MiBe)
 32383 | Lair:3   | Identified the +7 spear of the Pits of Slime {vamp,
                  | *Corrode rPois Dex+3}
 32384 | Lair:3   | Identified the +7 trident of Punishment {drain, Int+7
                  | Stlth-}
 32387 | Lair:3   | Found a bloodstained altar of Trog.
 32405 | Lair:3   | Found a transporter.
 32589 | Lair:4   | Reached skill level 1 in Long Blades
 32971 | Lair:4   | Found a staircase to the Snake Pit.
 33387 | Lair:5   | Noticed Nessos
 33391 | Lair:5   | Killed Nessos
 33420 | Lair:5   | Noticed Sonja
 33423 | Lair:5   | Killed Sonja
 33434 | Lair:5   | Found a staircase to the Slime Pits.
 33841 | Lair:5   | Reached ****** piety under Vehumet
 33841 | Lair:5   | Offered knowledge of Venom Bolt by Vehumet.
 34172 | Lair:6   | Entered Level 6 of the Lair of Beasts
 34185 | Lair:5   | Reached skill level 10 in Evocations
 35073 | Lair:6   | Reached skill level 10 in Fighting
 35121 | Lair:6   | Reached XP level 15. HP: 69/115 MP: 6/30
 35133 | Lair:6   | Killed from afar by a meliai

Levels and vault maps discovered:
D:1:      minmay_arrival_four_houses, layout_basic, minmay_misc_feat_hallway,
          chequers_serial_rivers_micro_e, minmay_misc_feat_four_crosses,
          minmay_misc_feat_doors, minmay_misc_feat_diagonals
D:2:      layout_loops_ring, minivault_11, uniq_robin
D:3:      layout_basic
D:4:      layout_rooms, minmay_temple_entry_butterflies,
          biasface_ghost_orc_armoury, first_ration, minmay_misc_feat_encased
D:5:      layout_rooms, eat_drink_and_be_merry_uskayaw, serial_shops,
          nicolae_shop_temple_entry_statues_fountains
D:6:      layout_basic
D:7:      wander_guarded_unrand_ratskin, layout_basic,
          hangedman_minor_gate_pass, uniq_harold
D:8:      layout_loops_cross, serial_shops, shop
D:9:      layout_roguey
D:10:     layout_basic, hiddenorc2_lemuel
D:11:     kennysheep_seaside_town, layout_loops_ring, erik_lair_island,
          hangedman_fish_farm, minivault_12, uniq_erolcha, uniq_josephine
D:12:     layout_basic, uniq_kirke
D:13:     layout_grid_maze, lightli_vaults_fourway_checkpoint,
          gammafunk_ghost_stat_death
D:14:     layout_basic, xom_redecorated
D:15:     grunt_enter_depths_magical_seal, layout_rooms, roderic_roman_lattice,
          basic_altar
Temple:   nicolae_temple_the_god_donut
Lair:1:   layout_long_grid, lemuel_centaur_altar
Lair:2:   layout_small_grid, grunt_megastairs_5
Lair:3:   layout_roguey, minmay_shoals_entry_beasts, basic_altar,
          gammafunk_ghost_wrathful_warriors, serial_bayou_shore_b,
          infiniplex_staircase_pool_2, grunt_megastairs_2,
          minmay_lair_oklob_chamber
Lair:4:   layout_cave_pods, guppyfry_snake_entry_garden, beast_lair_carwin_3
Lair:5:   layout_gridlike, minmay_slime_entry_pillars,
          grunt_forest_stairs_basic, roderic_batcave, uniq_sonja, uniq_nessos
Lair:6:   grunt_lair_end_beastmaster, layout_loops_ring, special_room
          [special_room_bee], serial_bayou_pond_d, lemuel_fruit_tree
Orc:1:    layout_caves, minmay_orc_temple_a
Orc:2:    grunt_orc_cross, layout_diamond_mine

Skill      XL: |  1  2  3  4  5  6  7  8  9 10 11 12 13 14 |
---------------+-------------------------------------------+-----
Dodging        | 2 3 4 5 6 7 8 9 10 11 | 11.8
Necromancy     | 5 6 7 8 10 11 | 11.0
Spellcasting   | 3 4 5 6 7 8 9 10 11 | 11.9
Evocations     | 1 4 6 7 9 10 | 10.2
Fighting       | 3 5 7 9 10 | 10.0
Conjurations   | 4 6 7 9 |  9.2
Shields        | 1 2 4 |  4.6
Long Blades    | 3 |  3.1
Stealth        | |  1.7

Action                   |  1- 3 |  4- 6 |  7- 9 | 10-12 | 13-15 || total
-------------------------+-------+-------+-------+-------+-------++-------
Melee: Unarmed           |     3 |       |       |     2 |       ||     5
       War axe           |       |    53 |    66 |   290 |       ||   409
       Flail             |       |       |       |    15 |   133 ||   148
       Double sword      |       |       |       |       |   176 ||   176
Throw: Dart              |       |       |     1 |       |       ||     1
       Throwing net      |       |       |       |       |     2 ||     2
 Cast: Pain              |    70 |   138 |   202 |   385 |    24 ||   819
       Vampiric Draining |       |     4 |    38 |   172 |    30 ||   244
       Regeneration      |       |       |     2 |    36 |    10 ||    48
       Animate Dead      |       |       |    13 |    33 |    42 ||    88
       Bolt of Draining  |       |       |       |    18 |   207 ||   225
       Dispel Undead     |       |       |       |     3 |    12 ||    15
       Mephitic Cloud    |       |       |       |     2 |     4 ||     6
       Stone Arrow       |       |       |       |     1 |    20 ||    21
 Abil: Evoke Ratskin     |       |       |       |     2 |       ||     2
Evoke: Wand              |       |     1 |     7 |    16 |     3 ||    27
  Use: Potion            |       |     1 |       |     2 |       ||     3
       Scroll            |       |       |     9 |     4 |    11 ||    24
 Stab: Distracted        |       |     1 |       |       |     4 ||     5
       Sleeping          |       |       |     2 |     2 |     4 ||     8
  Eat: Chunk             |     4 |     9 |    11 |    33 |    37 ||    94
       Ration            |       |     1 |     4 |     5 |     9 ||    19
Armor: Robe              |     3 |    11 |    43 |   107 |    93 ||   257
Dodge: Dodged            |    17 |    76 |   151 |   787 |   562 ||  1593
       Rpst.: Double sword |       |       |       |       |    76 ||    76
